 Dungeon Crawl Stone Soup version 0.28-a0-850-g09de17f5b5 (webtiles) character file.

Game seed: 14325053198635606739

120 Gwenloh the Skirmisher (level 5, -1/47 HPs)
             Began as a Hill Orc Fighter on Nov 13, 2021.
             Slain by Grinder (3 damage)
             ... on level 3 of the Dungeon.
             The game lasted 00:03:55 (1775 turns).

Gwenloh the Skirmisher (Hill Orc Fighter)           Turns: 1775, Time: 00:03:56

Health: -1/47      AC:  7    Str: 19    XL:     5   Next: 4%
Magic:  5/5        EV: 10    Int:  8    God:
Gold:   64         SH:  4    Dex: 11    Spells: 4/4 levels left

rFire   . . .      SeeInvis .   a - +0 war axe
rCold   . . .      Faith    .   c - +0 buckler
rNeg    . . .      Spirit   .   k - +2 ring mail {rPois}
rPois   +          Reflect  .   (no helmet)
rElec   .          Harm     .   (no cloak)
rCorr   .          Rampage  .   (no gloves)
Will    .....                   (no boots)
Stlth   +.........              (no amulet)
HPRegen 0.15/turn               (no ring)
MPRegen 0.09/turn               (no ring)

@: mighty, brilliant, hasted, very quick
A: no striking features
a: no special abilities


You were on level 3 of the Dungeon.
You visited 1 branch of the dungeon, and saw 3 of its levels.

You collected 64 gold pieces.

Inventory:

Hand Weapons
 a - a +0 war axe (weapon)
Missiles
 e - 21 stones
 g - 15 bolts
 m - 9 poisoned darts (quivered)
 q - 6 javelins
Armour
 b - a +0 scale mail
 c - a +0 buckler (worn)
 j - a +0 scale mail
 k - a +2 ring mail of poison resistance (worn)
Scrolls
 f - a scroll of holy word {unknown}
 l - 3 scrolls of identify {unknown}
 n - a scroll of torment {unknown}
 o - a scroll of amnesia {unknown}
 r - a scroll of fog {unknown}
Potions
 h - a potion of brilliance
 s - a potion of mutation {unknown}


   Skills:
 + Level 4.6 Fighting
 + Level 4.1 Axes
 + Level 4.2 Armour
 - Level 4.0 Shields


You had 4 spell levels left.
You didn't know any spells.
Your spell library contained the following spells:

 Spells                   Type           Power      Damage    Failure   Level
 Corpse Rot               Necr/Air       0%         N/A       73%         2


Dungeon Overview and Level Annotations

Branches:
Dungeon (3/15)

Altars:

Shops:
D:1 :   D:2 :

Annotations:
D:3 Grinder


Message History

You barely miss Grinder. Grinder barely misses you.
You feel very mighty all of a sudden. Grinder hits you.
You writhe in agony.
* * * LOW HITPOINT WARNING * * *
You closely miss Grinder. Grinder gestures at you.
You suddenly lose the ability to move!
Grinder gestures at you.
You barely resist. Grinder hits you but does no damage.
Grinder gestures at you.
You shrug off the repeated paralysis!
You can move again.
You slash Grinder!
Grinder is moderately wounded.
Grinder barely misses you. Grinder gestures at you.
You shrug off the repeated paralysis!
You hit Grinder but do no damage.
Grinder is moderately wounded.
Grinder gestures at you. Pain shoots through your body!
* * * LOW HITPOINT WARNING * * *
You barely miss Grinder.
Grinder is moderately wounded.
Grinder hits you.
* * * LOW HITPOINT WARNING * * *
You writhe in agony.
* * * LOW HITPOINT WARNING * * *
Unknown command.
It was a potion of brilliance.
You feel clever all of a sudden. Grinder gestures at you.
You resist with significant effort.
It was a potion of curing.
You feel better. Grinder hits you.
* * * LOW HITPOINT WARNING * * *
It was a potion of haste.
You feel yourself speed up. Grinder hits you.
* * * LOW HITPOINT WARNING * * *
You writhe in agony.
You die...

#..(.(#
.....#
....# ###
#..(###..
#.......
#..(..#
#..)..#
#..@5.#
#....(#
#.....#
#.######
#.# #..#
#.# #..#
#.# #..#
#.# #..#
####.###..#


You could see Grinder.

Vanquished Creatures
  Jessica (D:2)
  5 adders
  2 dart slugs
  2 ball pythons (D:1)
  8 endoplasms
  3 giant cockroaches
  4 goblins
  2 hobgoblins
  3 quokkas
  6 bats
  3 frilled lizards (D:1)
  3 kobolds
  3 rats
45 creatures vanquished.

Notes
Turn   | Place    | Note
-------+----------+-------------------------------------------
     0 | D:1      | Gwenloh the Hill Orc Fighter began the quest for the Orb.
     0 | D:1      | Reached XP level 1. HP: 19/19 MP: 1/1
    20 | D:1      | Found Wagoups's Book Boutique.
   208 | D:1      | Reached XP level 2. HP: 27/27 MP: 2/2
   611 | D:1      | Reached XP level 3. HP: 33/33 MP: 3/3
   907 | D:2      | Noticed Jessica
   913 | D:2      | Killed Jessica
   933 | D:2      | Got Jessica's Compendium of Black Rites
   969 | D:2      | Reached XP level 4. HP: 38/40 MP: 4/4
  1336 | D:2      | Found Buodimon's Book Emporium.
  1707 | D:3      | Reached XP level 5. HP: 47/47 MP: 5/5
  1753 | D:3      | Noticed Grinder
  1755 | D:3      | Paralysed by Grinder for 5 turns
  1766 | D:3      | Paralysed by Grinder for 4 turns
  1772 | D:3      | HP: 1/47 [Grinder (6)]
  1775 | D:3      | Slain by Grinder

Illustrated notes

Levels and vault maps discovered:
D:1:      dpeg_arrival_simpleton_a, layout_basic, serial_shops,
          nicolae_shop_behind_doors, minmay_close_crescents
D:2:      layout_basic, serial_shops, nicolae_square_shop,
          kennysheep_jessica_study
D:3:      layout_basic, nicolae_hepliaklqana_monster_ancestors,
          okawaru_altar_gauntlet_db, ebering_ghost_reflecting_pool,
          uniq_jessica, uniq_grinder

Skill      XL: |  1  2  3  4 |
---------------+-------------+-----
Axes           | 3 4 |  4.1
Fighting       | 4 |  4.6
Armour         | 4 |  4.2
Shields        | 4 |  4.0

Action                   |  1- 3 |  4- 6 || total
-------------------------+-------+-------++-------
Melee: War axe           |    51 |    70 ||   121
Throw: Stone             |    50 |    42 ||    92
       Dart              |       |     5 ||     5
  Use: Potion            |       |     4 ||     4
Armor: Scale mail        |     2 |       ||     2
       Ring mail         |    18 |    17 ||    35
Dodge: Dodged            |    25 |    45 ||    70
Block: Buckler           |    14 |    17 ||    31

Table legend: (Time is in decaauts)
 A = Elapsed time spent in this place.
 B = Non-inter-level travel time spent in this place.
 C = Inter-level travel time spent in this place.
 D = Time resting spent in this place.
 E = Time spent auto-exploring this place.
 F = Levels seen in this place.
 G = Mean time per level.
                   A        B        C        D        E       F      G
               +--------+--------+--------+--------+--------+-----+--------+
         Total |   1825 |   1780 |     45 |      5 |   1353 |   3 |  608.3 |
       Dungeon |   1825 |   1780 |     45 |      5 |   1353 |   3 |  608.3 |
               +--------+--------+--------+--------+--------+-----+--------+

Top non-repeatable levels by time:
     D:2: 861 daAuts
     D:1: 858 daAuts
     D:3: 105 daAuts
